 Dungeon Crawl Stone Soup version 0.18-b1-10-g3f7de93 (webtiles) character file.

44 juanjsm the Sneak (level 3, 0/16 HPs)
             Began as a Spriggan Enchanter on Apr 29, 2016.
             Killed from afar by Natasha (6 damage)
             ... with a magic dart
             ... on level 1 of the Dungeon.
             The game lasted 00:06:29 (1065 turns).

juanjsm the Sneak (Spriggan Enchanter)              Turns: 1065, Time: 00:06:30

Health: 0/16       AC:  3    Str:  4    XL:     3   Next: 39%
Magic:  8/8        EV: 18    Int: 17    God:
Gold:   107        SH:  0    Dex: 16    Spells: 2 memorised, 5 levels left

rFire  . . .     SeeInvis +     a - +1 dagger
rCold  . . .     Gourm    .     b - +1 robe
rNeg   . . .     Faith    .     (shield restricted)
rPois  .         Spirit   .     (helmet restricted)
rElec  .         Dismiss  .     (no cloak)
rCorr  .         Reflect  .     (gloves unavailable)
SustAt +         Harm     .     (boots unavailable)
MR     .....                    (no amulet)
Stlth  ++........               j - ring of loudness (curse)
                                g - ring of sustain attributes

@: very quick, not resistant to hostile enchantments, unstealthy
A: unfitting armour, see invisible, herbivore 3, speed 3, slow metabolism 2
a: no special abilities


You were on level 1 of the Dungeon.
You were not hungry.

You visited 1 branch of the dungeon, and saw 4 of its levels.

You collected 107 gold pieces.

Inventory:

Hand Weapons
 a - a +1 dagger (weapon)
Armour
 b - a +1 robe (worn)
Jewellery
 g - a ring of sustain attributes (left hand)
 j - a cursed ring of loudness (right hand)
Scrolls
 e - a scroll of enchant weapon {unknown}
 h - 2 scrolls of remove curse {unknown}
 i - a scroll of magic mapping {unknown}
 o - 2 scrolls of immolation {unknown}
 r - 2 scrolls of teleportation {unknown}
Potions
 f - a potion of ambrosia {unknown}
 l - a potion of degeneration {unknown}
 m - a potion of might {unknown}
 n - a potion of haste {unknown}
 p - a potion of curing {unknown}
Books
 c - a book of Maledictions

   Spells                             Type                      Level
   a - Corona                         Hexes                        1
   b - Ensorcelled Hibernation        Hexes/Ice                    2
   c - Confuse                        Hexes                        3
   d - Tukima's Dance                 Hexes                        3
   e - Dazzling Spray                 Conjuration/Hexes            3
Comestibles
 d - 3 bread rations
 k - a royal jelly
 q - a slice of pizza


   Skills:
 + Level 0.1 Fighting
 + Level 1.2 Short Blades
 + Level 3.2 Dodging
 + Level 5.3 Stealth
 + Level 3.3 Spellcasting
 + Level 4.1 Hexes
 + Level 0.2 Ice Magic


You had 5 spell levels left.
You knew the following spells:

 Your Spells              Type           Power        Failure   Level  Hunger
a - Corona                Hex            ###....      3%          1    None
b - Ensorcelled Hibernat  Hex/Ice        ##....       12%         2    ##.....


Dungeon Overview and Level Annotations

Branches:
Dungeon (4/15)
 Temple: D:4-7

Altars:

Annotations:
D:1 Natasha


Innate Abilities, Weirdness & Mutations

You are tiny and cannot use many weapons and most armour.
You have supernaturally acute eyesight.
You are a herbivore.
You cover ground extremely quickly.
You need consume almost no food.


Message History

You impale the kobold!!
You kill the kobold!
You see here a dagger.
r - 2 scrolls labeled FOREHI FUEPHAOS (gained 1)
You see here a robe.
Magic restored.
Done exploring.
Search for what [? for help]? d:1
There is a stone staircase leading down here.
You climb downwards.
Level annotation: Natasha Natasha casts a spell at you.
The magic dart hits you!
There is a stone staircase leading up here.
Natasha claws you.
You climb upwards.
There is a stone staircase leading down here.
Natasha casts a spell at you. The magic dart hits you!
You die...

##.##.......#####
##.#.#.#####.....# #####
##.###..# #.###.## ##...##
#.## ##.# #......###.[...#
##.###..# #.#............#
##.#.#.#####...#..###.....#
##.##.....).###..# ##...##
#.#######..(....# ##.##
#...# #..@....# #.# ###.#
#.....### ##.##
#.#####...h># #...#
###....##.....# #.#.#
#....#.##.....# #...#
#.#.##.##.....# #.###
#.####∩##...### #.#
#.###...##### ###.#
#.#...≈...### #...#


You could see Natasha.

Vanquished Creatures
  An ooze (D:2)
  A dart slug (D:1)
  A ball python (D:1)
  3 giant cockroaches (D:1)
  6 goblins (D:1)
  5 hobgoblins (D:1)
  5 kobolds (D:1)
  5 bats
  4 giant newts (D:1)
  4 rats (D:1)
35 creatures vanquished.

Notes
Turn   | Place    | Note
--------------------------------------------------------------
     0 | D:1      | juanjsm the Spriggan Enchanter began the quest for the Orb.
     0 | D:1      | Reached XP level 1. HP: 9/9 MP: 5/5
    89 | D:2      | Reached XP level 2. HP: 13/13 MP: 7/7
   113 | D:2      | Learned a level 2 spell: Ensorcelled Hibernation
   130 | D:2      | Noticed Natasha
   562 | D:1      | Reached skill level 5 in Stealth
   755 | D:1      | Reached XP level 3. HP: 14/16 MP: 1/8
  1065 | D:1      | Killed from afar by Natasha

Skill      XL: |  1  2 |
---------------+-------+-----
Spellcasting   | 3 |  3.3
Hexes          | 4 |  4.1
Stealth        | 5 |  5.3
Fighting       | |  0.1
Short Blades   | |  1.2
Dodging        | |  3.2
Ice Magic      | |  0.2

Action                   || total
-------------------------++-------
Melee: Dagger            ||    95
 Cast: Corona            ||     7
       Ensorcelled Hiber ||    19
 Stab: Sleeping          ||    17
Armor: Robe              ||    17
Dodge: Dodged            ||   108
